Kings vs Flyers
(R1)
Created - December 4, 2022 at 23:38
Goals
|
| Kings |
0 |
1 |
1 |
2 |
| Flyers |
1 |
3 |
2 |
6 |
|
Shots
|
| Kings |
13 |
13 |
8 |
34 |
| Flyers |
14 |
8 |
13 |
35 |
|
1st period
1. Flyers , Calle Jarnkrok 3 (Marcus Kruger 6, Brock Nelson 3) at 19:16
Penalties :
Brock Nelson (Phi) for Holding (Minor) at 0:58, Ryan Murray (L.A) for Hooking (Minor) at 9:07, Matt Duchene (L.A) for Tripping (Minor) at 19:19
2nd period
2. Kings , Ilya Kovalchuk 5 (Chris Tierney 7, Darnell Nurse 6) at 0:12 (SH)
3. Flyers , Marcus Kruger 5 (Calle Jarnkrok 2, Jacob Trouba 7) at 3:05
4. Flyers , Niclas Bergfors 1 (Chris Mcallister 1, Travis Zajac 3) at 7:37
5. Flyers , Marcus Kruger 6 (Jonathan Ericsson 6, Calle Jarnkrok 3) at 8:40
Penalties :
Matt Duchene (L.A) for Hooking (Minor) at 9:50, Drew Miller (Phi) for Holding (Minor) at 14:39, Ivan Provorov (Phi) for Unsportsmanlike conduct (Minor) at 17:28
3rd period
6. Flyers , J.T. Miller 5 (Jordan Nolan 14) at 4:42
7. Flyers , Marcus Kruger 7 (Brock Nelson 4, Jacob Trouba 8) at 12:30
8. Kings , Jeremy Morin 3 (Auston Matthews 3, Ryan Murray 6) at 18:53
Penalties :
Aaron Ekblad (L.A) for Hooking (Minor) at 4:45, Alex Galchenyuk (L.A) for Roughing (Minor) at 13:25
Goalie Stats
Petr Mrazek (L.A), 29 saves from 35 shots - (0.829), L, 6-5-0, 60:00 minutes
Steve Mason (Phi), 32 saves from 34 shots - (0.941), W, 6-3-2, 60:00 minutes
Players Stats for Kings
Player Name G A P +/- PIM S H SB GA TA FO MP PP MP PK MP
------------------------------------------------------------------------------------
Aaron Ekblad 0 0 0 0 2 4 0 0 0 1 0/0 24:42 2:19 4:53
Alex Galchenyuk 0 0 0 -2 2 4 1 0 1 1 0/0 18:15 3:38 0:41
Alex Iafallo 0 0 0 0 0 1 1 0 0 0 0/0 6:29 0:00 0:19
Alexander Kerfoot 0 0 0 -2 0 3 1 0 1 1 14/22 16:34 2:47 0:00
Auston Matthews 0 1 1 0 0 2 2 0 1 0 6/10 14:44 2:49 0:00
Chris Tierney 0 1 1 -2 0 3 1 1 2 0 6/12 20:01 3:07 5:35
Darnell Nurse 0 1 1 -2 0 1 6 3 2 0 0/0 28:06 2:19 6:06
Daultan Leveillé 0 0 0 0 0 1 1 0 0 0 4/6 7:58 0:00 1:43
Erik Haula 0 0 0 -3 0 4 1 1 1 1 4/7 17:45 3:07 2:48
Ilya Kovalchuk 1 0 1 1 0 2 2 0 0 0 2/2 18:28 0:01 5:56
Jason Akeson 0 0 0 0 0 0 1 0 0 0 0/0 6:24 0:04 0:00
Jeremy Morin 1 0 1 0 0 2 2 1 3 0 0/1 15:40 0:00 2:48
Matt Duchene 0 0 0 -2 4 4 1 0 1 0 1/1 17:05 2:49 0:00
Mitch Marner 0 0 0 -3 0 2 0 0 2 0 1/2 13:53 3:07 0:00
Morgan Ellis 0 0 0 -1 0 0 1 0 1 0 0/0 10:56 0:00 0:45
Ole-Kristian Tollefsen 0 0 0 -1 0 0 1 2 0 1 0/0 12:26 0:00 3:49
Ryan Murray 0 1 1 -3 2 1 1 2 0 2 0/0 20:00 0:00 3:00
Will Butcher 0 0 0 -1 0 0 0 1 1 2 0/0 20:34 3:38 1:17
Players Stats for Flyers
Player Name G A P +/- PIM S H SB GA TA FO MP PP MP PK MP
------------------------------------------------------------------------------------
Brian Lashoff 0 0 0 0 0 0 0 0 0 3 0/0 14:09 0:00 3:54
Brock Nelson 0 2 2 3 2 4 0 0 0 1 0/0 10:45 0:00 1:05
Calle Jarnkrok 1 2 3 3 0 2 0 0 0 1 2/4 11:57 0:45 0:59
Chris Mcallister 0 1 1 1 0 2 0 0 0 1 0/1 11:12 0:00 3:18
Drew Miller 0 0 0 0 2 2 2 0 0 2 1/1 17:07 3:35 1:12
Ivan Provorov 0 0 0 3 2 0 1 0 0 1 0/0 14:18 0:00 0:00
J.T. Miller 1 0 1 0 0 3 1 0 2 0 1/2 21:03 6:20 0:22
Jacob Trouba 0 2 2 2 0 1 1 1 0 1 0/0 25:05 6:08 3:54
Jakub Voracek 0 0 0 0 0 3 0 1 0 0 0/0 20:41 6:20 0:00
Jeff Carter 0 0 0 0 0 0 0 1 0 1 2/13 17:36 3:35 1:40
Jonathan Ericsson 0 1 1 2 0 1 1 1 1 3 0/0 25:03 3:47 2:03
Jordan Nolan 0 1 1 0 0 3 2 1 2 0 16/31 19:15 5:35 0:00
Marcus Kruger 3 1 4 3 0 7 2 0 0 0 0/1 13:31 3:35 0:00
Matt Smaby 0 0 0 2 0 0 3 1 1 1 0/0 24:35 3:47 2:03
Nathan Beaulieu 0 0 0 -1 0 2 0 0 1 1 0/0 16:55 6:08 0:00
Niclas Bergfors 1 0 1 1 0 2 1 0 1 0 0/1 7:48 0:00 0:00
Travis Konecny 0 0 0 0 0 0 0 0 1 0 0/1 11:48 0:00 0:00
Travis Zajac 0 1 1 1 0 3 0 0 0 0 3/8 11:12 0:00 3:18
3 Stars
1 - Marcus Kruger (Phi)
2 - Calle Jarnkrok (Phi)
3 - Jacob Trouba (Phi)
Power Play
Kings - 0 on 3 Attempt(s) - 0.00%
Flyers - 0 on 5 Attempt(s) - 0.00%
Penalty Kill
Kings - 5 on 5 Attempt(s) - 100.00%
- Score 1 goal in Penalty Kill
Flyers - 3 on 3 Attempt(s) - 100.00%
- Score 0 goal in Penalty Kill
Team Stat
Kings - Hits : 23 - Faceoff Wins : 38 - Blocked Shots : 11 - Penalty Minutes : 10
Flyers - Hits : 14 - Faceoff Wins : 25 - Blocked Shots : 6 - Penalty Minutes : 6
Official
Referees : Chris Rooney and Eric Furlatt
Linesman : Steve Miller and Tyson Baker
Game Notes
0:18 of 2nd period - Flyers goal is going for a video replay. After video review, No Goal. The puck has been kicked using a distinct kicking motion.
Marcus Kruger has scored a Hat Trick!
Finance
Level 1 -- Attendance: 5520 (92.00%) -- Ticket Income $552,000
Level 2 -- Attendance: 4590 (91.80%) -- Ticket Income $275,400
Level 3 -- Attendance: 1843 (92.15%) -- Ticket Income $64,505
Level 4 -- Attendance: 4000 (100.00%) -- Ticket Income $100,000
Luxury Box -- Attendance: 1000 (100.00%) -- Ticket Income $200,000
Game was played at the Wells Fargo Center.
Total Attendance: 16953 (94.18%)
Total Ticket Income: $1,191,905
Other Income: $178,786
Total Income: $1,370,691
Kings
5 vs 5 Forward
Center Left Wing Right Wing Time % Phy DF OF
1 Alexander Kerfoot Alex Galchenyuk Matt Duchene 35 1 2 2
2 Erik Haula Chris Tierney Mitch Marner 30 0 3 2
3 Auston Matthews Jeremy Morin Ilya Kovalchuk 30 1 2 2
4 Daultan Leveillé Alex Iafallo Jason Akeson 5 1 2 2
5 vs 5 Defense
Defense Defense Time % Phy DF OF
1 Darnell Nurse Ryan Murray 45 1 3 1
2 Aaron Ekblad Will Butcher 40 0 3 2
3 Ole-Kristian Tollefsen Morgan Ellis 10 2 3 0
4 Darnell Nurse Ole-Kristian Tollefsen 5 1 2 2
PowerPlay Forward
Center Left Wing Right Wing Time % Phy DF OF
1 Alexander Kerfoot Auston Matthews Matt Duchene 55 0 1 4
2 Erik Haula Chris Tierney Mitch Marner 45 0 1 4
PowerPlay Defense
Defense Defense Time % Phy DF OF
1 Alex Galchenyuk Will Butcher 60 0 2 3
2 Darnell Nurse Aaron Ekblad 40 0 3 2
Penalty Kill 4 Players Forward
Center Wing Time % Phy DF OF
1 Chris Tierney Ilya Kovalchuk 60 0 4 1
2 Erik Haula Jeremy Morin 40 0 4 1
Penalty Kill 4 Players Defense
Defense Defense Time % Phy DF OF
1 Darnell Nurse Aaron Ekblad 60 1 4 0
2 Ole-Kristian Tollefsen Ryan Murray 40 1 4 0
Penalty Kill - 3 Players Forward
Forward Time % Phy DF OF
1 Chris Tierney 60 1 2 2
2 Erik Haula 40 1 2 2
Penalty Kill - 3 Players Defense
Defense Defense Time % Phy DF OF
1 Darnell Nurse Aaron Ekblad 60 1 2 2
2 Ole-Kristian Tollefsen Ryan Murray 40 1 2 2
4 vs 4 Forward
Center Wing Time % Phy DF OF
1 Matt Duchene Erik Haula 60 1 2 2
2 Chris Tierney Alex Galchenyuk 40 1 2 2
4 vs 4 Defense
Defense Defense Time % Phy DF OF
1 Darnell Nurse Ryan Murray 60 1 2 2
2 Ole-Kristian Tollefsen Will Butcher 40 1 2 2
Last Minutes Offensive
Center Left Wing Right Wing Defense Defense
Alexander Kerfoot Alex Galchenyuk Matt Duchene Darnell Nurse Ryan Murray
Last Minutes Defensive
Center Left Wing Right Wing Defense Defense
Erik Haula Chris Tierney Ilya Kovalchuk Darnell Nurse Ryan Murray
Goaltenders
Starting : Petr Mrazek
Backup : Thomas McCollum
Extra Forwards
Normal : Jason Akeson, Ilya Kovalchuk, Matt Duchene - PP : Matt Duchene, Jason Akeson - PK : Daultan Leveillé
Extra Defensemen
Normal : Will Butcher, Darnell Nurse, Ole-Kristian Tollefsen - PP : Ole-Kristian Tollefsen - PK : Will Butcher, Morgan Ellis
Penalty Shots
Auston Matthews, Ilya Kovalchuk, Alex Galchenyuk, Jeremy Morin, Matt Duchene
Scratches
Peter Regin (Healthy)
Flyers
5 vs 5 Forward
Center Left Wing Right Wing Time % Phy DF OF
1 Jordan Nolan J.T. Miller Jakub Voracek 40 0 1 4
2 Jeff Carter Drew Miller Travis Konecny 30 0 1 4
3 Calle Jarnkrok Brock Nelson Marcus Kruger 20 1 1 3
4 Travis Zajac Chris Mcallister Niclas Bergfors 10 1 3 1
5 vs 5 Defense
Defense Defense Time % Phy DF OF
1 Matt Smaby Jonathan Ericsson 40 1 2 2
2 Ivan Provorov Jacob Trouba 30 1 2 2
3 Nathan Beaulieu Brian Lashoff 20 1 3 1
4 Jacob Trouba Jonathan Ericsson 10 0 2 3
PowerPlay Forward
Center Left Wing Right Wing Time % Phy DF OF
1 Jordan Nolan J.T. Miller Jakub Voracek 60 0 1 4
2 Jeff Carter Drew Miller Marcus Kruger 40 0 1 4
PowerPlay Defense
Defense Defense Time % Phy DF OF
1 Jacob Trouba Nathan Beaulieu 60 0 2 3
2 Jonathan Ericsson Matt Smaby 40 0 2 3
Penalty Kill 4 Players Forward
Center Wing Time % Phy DF OF
1 Travis Zajac Chris Mcallister 60 1 3 1
2 Jeff Carter Drew Miller 40 1 3 1
Penalty Kill 4 Players Defense
Defense Defense Time % Phy DF OF
1 Jacob Trouba Brian Lashoff 60 1 4 0
2 Jonathan Ericsson Matt Smaby 40 1 4 0
Penalty Kill - 3 Players Forward
Forward Time % Phy DF OF
1 Travis Zajac 60 1 4 0
2 Jeff Carter 40 1 4 0
Penalty Kill - 3 Players Defense
Defense Defense Time % Phy DF OF
1 Jacob Trouba Brian Lashoff 60 1 4 0
2 Matt Smaby Jonathan Ericsson 40 1 4 0
4 vs 4 Forward
Center Wing Time % Phy DF OF
1 Jordan Nolan J.T. Miller 60 1 2 2
2 Jeff Carter Jakub Voracek 40 1 2 2
4 vs 4 Defense
Defense Defense Time % Phy DF OF
1 Jacob Trouba Nathan Beaulieu 60 1 2 2
2 Matt Smaby Jonathan Ericsson 40 1 2 2
Last Minutes Offensive
Center Left Wing Right Wing Defense Defense
Jordan Nolan J.T. Miller Jakub Voracek Jacob Trouba Jonathan Ericsson
Last Minutes Defensive
Center Left Wing Right Wing Defense Defense
Travis Zajac Chris Mcallister Niclas Bergfors Jacob Trouba Matt Smaby
Goaltenders
Starting : Steve Mason
Backup : Ilya Sorokin
Extra Forwards
Normal : Jordan Nolan, Jeff Carter, J.T. Miller - PP : Jordan Nolan, Jeff Carter - PK : Travis Zajac
Extra Defensemen
Normal : Jacob Trouba, Jonathan Ericsson, Matt Smaby - PP : Jacob Trouba - PK : Jonathan Ericsson, Matt Smaby
Penalty Shots
Jordan Nolan, Jakub Voracek, Jeff Carter, Marcus Kruger, Travis Zajac
Scratches
Tomas Kubalik (Healthy)
% Time on Ice - Kings
Lines # - Real PCT - Wanted PCT - Time Play
Normal Forward
1 - 32% - 35% - 14:20
2 - 27% - 30% - 11:50
3 - 27% - 30% - 11:48
4 - 14% - 5% - 6:10
Normal Defense
1 - 45% - 45% - 19:41
2 - 36% - 40% - 15:53
3 - 19% - 10% - 8:16
4 - 1% - 5% - 0:18
PP Forward
1 - 48% - 55% - 2:50
2 - 52% - 45% - 3:07
PP Defense
1 - 61% - 60% - 3:38
2 - 39% - 40% - 2:19
PK Forward
1 - 72% - 60% - 7:07
2 - 28% - 40% - 2:48
PK Defense
1 - 62% - 60% - 6:06
2 - 38% - 40% - 3:49
PK3 Forward
1 - 0% - 60%
2 - 0% - 40%
PK3 Defense
1 - 0% - 60%
2 - 0% - 40%
44 Forward
1 - 0% - 60%
2 - 0% - 40%
44 Defense
1 - 0% - 60%
2 - 0% - 40%
Last Minute Offensive - 0:00
Last Minute Defensive - 0:00
Total
Forward - 60:00
Defense - 60:00
|
% Time on Ice - Flyers
Lines # - Real PCT - Wanted PCT - Time Play
Normal Forward
1 - 33% - 40% - 14:27
2 - 28% - 30% - 12:21
3 - 22% - 20% - 9:32
4 - 18% - 10% - 7:48
Normal Defense
1 - 42% - 40% - 18:35
2 - 35% - 30% - 15:23
3 - 22% - 20% - 9:42
4 - 1% - 10% - 0:28
PP Forward
1 - 64% - 60% - 6:20
2 - 36% - 40% - 3:35
PP Defense
1 - 62% - 60% - 6:08
2 - 38% - 40% - 3:47
PK Forward
1 - 72% - 60% - 4:17
2 - 28% - 40% - 1:40
PK Defense
1 - 66% - 60% - 3:54
2 - 34% - 40% - 2:03
PK3 Forward
1 - 0% - 60%
2 - 0% - 40%
PK3 Defense
1 - 0% - 60%
2 - 0% - 40%
44 Forward
1 - 0% - 60%
2 - 0% - 40%
44 Defense
1 - 0% - 60%
2 - 0% - 40%
Last Minute Offensive - 0:00
Last Minute Defensive - 0:00
Total
Forward - 60:00
Defense - 60:00
|
Play-by-Play
1st period
0:01 of 1st period - Jordan Nolan wins face-off versus Alexander Kerfoot in neutral zone.
0:14 of 1st period - Matt Smaby is hit by Darnell Nurse and loses puck.
0:39 of 1st period - Travis Konecny is hit by Darnell Nurse.
0:55 of 1st period - Snap shot by Alex Iafallo.
0:55 of 1st period - Stopped by Steve Mason without a rebound.
0:56 of 1st period - Calle Jarnkrok wins face-off versus Daultan Leveillé in Flyers zone.
0:58 of 1st period - Minor Penalty to Brock Nelson for Holding.
0:59 of 1st period - Auston Matthews wins face-off versus Chris Mcallister in Flyers zone.
1:01 of 1st period - Snap shot by Alexander Kerfoot.
1:01 of 1st period - Stopped by Steve Mason without a rebound.
1:02 of 1st period - Alexander Kerfoot wins face-off versus Travis Zajac in Flyers zone.
1:35 of 1st period - Snap shot by Erik Haula.
1:35 of 1st period - Deflect By Chris Tierney.
1:35 of 1st period - Shot Misses the Net.
1:35 of 1st period - Puck is out of play.
1:36 of 1st period - Mitch Marner wins face-off versus Jeff Carter in Flyers zone.
2:08 of 1st period - Snap shot by Erik Haula.
2:08 of 1st period - Stopped by Steve Mason without a rebound.
2:09 of 1st period - Alexander Kerfoot wins face-off versus Jeff Carter in Flyers zone.
2:10 of 1st period - Snap shot by Matt Duchene.
2:10 of 1st period - Stopped by Steve Mason with a rebound.
2:52 of 1st period - Wrist shot by Jeff Carter.
2:52 of 1st period - Shot Misses the Net.
2:54 of 1st period - Snap shot by Jacob Trouba.
2:54 of 1st period - Deflect By Drew Miller.
2:54 of 1st period - Shot Misses the Net.
2:54 of 1st period - Puck is out of play.
2:55 of 1st period - Alexander Kerfoot wins face-off versus Jeff Carter in Kings zone.
2:58 of 1st period - Penalty to Brock Nelson is over, Brock Nelson is back on ice.
3:00 of 1st period - Slapshot by Matt Duchene.
3:00 of 1st period - Stopped by Steve Mason with a rebound.
3:02 of 1st period - Slapshot by Darnell Nurse.
3:02 of 1st period - Shot Blocked by Jeff Carter.
3:04 of 1st period - Slapshot by Aaron Ekblad.
3:04 of 1st period - Stopped by Steve Mason with a rebound.
3:06 of 1st period - Slapshot by Aaron Ekblad.
3:06 of 1st period - Stopped by Steve Mason without a rebound.
3:07 of 1st period - Auston Matthews wins face-off versus Jordan Nolan in Flyers zone.
3:57 of 1st period - Snap shot by Matt Duchene.
3:57 of 1st period - Stopped by Steve Mason with a rebound.
4:05 of 1st period - Snap shot by Calle Jarnkrok.
4:05 of 1st period - Stopped by Petr Mrazek without a rebound.
4:06 of 1st period - Jordan Nolan wins face-off versus Auston Matthews in Kings zone.
4:07 of 1st period - Backhand shot by J.T. Miller.
4:07 of 1st period - Stopped by Petr Mrazek without a rebound.
4:08 of 1st period - Auston Matthews wins face-off versus Jordan Nolan in Kings zone.
4:08 of 1st period - Auston Matthews is hit by Jordan Nolan.
4:36 of 1st period - Snap shot by Matt Duchene.
4:36 of 1st period - Stopped by Steve Mason with a rebound.
5:02 of 1st period - Snap shot by Marcus Kruger.
5:02 of 1st period - Stopped by Petr Mrazek without a rebound.
5:03 of 1st period - Erik Haula wins face-off versus Calle Jarnkrok in Kings zone.
5:14 of 1st period - Snap shot by Mitch Marner.
5:14 of 1st period - Stopped by Steve Mason without a rebound.
5:15 of 1st period - Jordan Nolan wins face-off versus Alexander Kerfoot in Flyers zone.
5:20 of 1st period - Slapshot by Jacob Trouba.
5:20 of 1st period - Stopped by Petr Mrazek with a rebound.
6:00 of 1st period - Icing by Jeff Carter.
6:01 of 1st period - Erik Haula wins face-off versus Travis Zajac in Flyers zone.
7:01 of 1st period - Snap shot by Jeff Carter.
7:01 of 1st period - Shot Misses the Net.
7:03 of 1st period - Wrist shot by Jeff Carter.
7:03 of 1st period - Shot Blocked by Jeremy Morin.
7:27 of 1st period - Brian Lashoff is hit by Ryan Murray and loses puck.
7:41 of 1st period - Icing by Will Butcher.
7:42 of 1st period - Chris Tierney wins face-off versus Niclas Bergfors in Kings zone.
7:55 of 1st period - Will Butcher is hit by Jacob Trouba and loses puck.
8:26 of 1st period - Backhand shot by Travis Zajac.
8:26 of 1st period - Stopped by Petr Mrazek with a rebound.
9:04 of 1st period - Wrist shot by Chris Mcallister.
9:04 of 1st period - Stopped by Petr Mrazek without a rebound.
9:05 of 1st period - Alexander Kerfoot wins face-off versus J.T. Miller in Kings zone.
9:07 of 1st period - Minor Penalty to Ryan Murray for Hooking.
9:08 of 1st period - Jordan Nolan wins face-off versus Daultan Leveillé in Kings zone.
9:22 of 1st period - Backhand shot by J.T. Miller.
9:22 of 1st period - Shot Misses the Net.
9:24 of 1st period - Slapshot by Jonathan Ericsson.
9:24 of 1st period - Stopped by Petr Mrazek without a rebound.
9:25 of 1st period - J.T. Miller wins face-off versus Chris Tierney in Kings zone.
9:32 of 1st period - Backhand shot by Jordan Nolan.
9:32 of 1st period - Stopped by Petr Mrazek without a rebound.
9:33 of 1st period - Jordan Nolan wins face-off versus Chris Tierney in Kings zone.
9:58 of 1st period - Wrist shot by Jordan Nolan.
9:58 of 1st period - Stopped by Petr Mrazek without a rebound.
9:59 of 1st period - Jeff Carter wins face-off versus Chris Tierney in Kings zone.
10:30 of 1st period - Jakub Voracek is hit by Darnell Nurse and loses puck.
10:51 of 1st period - Ole-Kristian Tollefsen is hit by Drew Miller and loses puck.
11:02 of 1st period - Ole-Kristian Tollefsen is hit by Jordan Nolan and loses puck.
11:07 of 1st period - Penalty to Ryan Murray is over, Ryan Murray is back on ice.
11:35 of 1st period - Matt Duchene is hit by Marcus Kruger and loses puck.
12:02 of 1st period - Jakub Voracek is hit by Daultan Leveillé and loses puck.
12:51 of 1st period - Erik Haula is hit by Jonathan Ericsson and loses puck.
13:02 of 1st period - Snap shot by Brock Nelson.
13:02 of 1st period - Stopped by Petr Mrazek without a rebound.
13:03 of 1st period - Daultan Leveillé wins face-off versus Jeff Carter in Kings zone.
13:08 of 1st period - Jeff Carter is hit by Alex Iafallo and loses puck.
13:15 of 1st period - Wrist shot by Travis Konecny.
13:15 of 1st period - Shot Blocked by Ryan Murray.
14:09 of 1st period - Wrist shot by Erik Haula.
14:09 of 1st period - Stopped by Steve Mason with a rebound.
14:17 of 1st period - Slapshot by Jakub Voracek.
14:17 of 1st period - Stopped by Petr Mrazek with a rebound.
14:19 of 1st period - Slapshot by Brian Lashoff.
14:19 of 1st period - Shot Blocked by Darnell Nurse.
14:49 of 1st period - Wrist shot by Alexander Kerfoot.
14:49 of 1st period - Stopped by Steve Mason with a rebound.
17:21 of 1st period - Drew Miller is hit by Darnell Nurse and loses puck.
17:26 of 1st period - Wrist shot by Auston Matthews.
17:26 of 1st period - Deflect By Jeremy Morin.
17:26 of 1st period - Stopped by Steve Mason with a rebound.
17:42 of 1st period - Jacob Trouba is hit by Chris Tierney and loses puck.
17:53 of 1st period - Wrist shot by Mitch Marner.
17:53 of 1st period - Deflect By Erik Haula.
17:53 of 1st period - Shot Blocked by Jacob Trouba.
17:53 of 1st period - Puck is out of play.
17:54 of 1st period - Jordan Nolan wins face-off versus Mitch Marner in Flyers zone.
18:18 of 1st period - Icing by J.T. Miller.
18:19 of 1st period - Auston Matthews wins face-off versus Jeff Carter in Flyers zone.
19:14 of 1st period - Wrist shot by Marcus Kruger.
19:14 of 1st period - Stopped by Petr Mrazek with a rebound.
19:16 of 1st period - Slapshot by Calle Jarnkrok.
19:16 of 1st period - Goal by Calle Jarnkrok - Kings : 0 - Flyers : 1.
19:17 of 1st period - Alexander Kerfoot wins face-off versus Jordan Nolan in neutral zone.
19:19 of 1st period - Minor Penalty to Matt Duchene for Tripping.
19:20 of 1st period - Ilya Kovalchuk wins face-off versus Jordan Nolan in Kings zone.
19:30 of 1st period - Slapshot by Nathan Beaulieu.
19:30 of 1st period - Shot Misses the Net.
19:32 of 1st period - Wrist shot by J.T. Miller.
19:32 of 1st period - Stopped by Petr Mrazek with a rebound.
19:34 of 1st period - Slapshot by J.T. Miller.
19:34 of 1st period - Shot Misses the Net.
Goals for this period are 0 for Kings vs 1 for Flyers.
Shots for this period are 13 for Kings vs 14 for Flyers.
2nd period
0:01 of 2nd period - Chris Tierney wins face-off versus Jordan Nolan in neutral zone.
0:04 of 2nd period - Slapshot by Aaron Ekblad.
0:04 of 2nd period - Deflect By Jakub Voracek.
0:04 of 2nd period - Stopped by Steve Mason with a rebound.
0:06 of 2nd period - Snap shot by Darnell Nurse.
0:06 of 2nd period - Stopped by Steve Mason with a rebound.
0:08 of 2nd period - Slapshot by Chris Tierney.
0:08 of 2nd period - Stopped by Steve Mason with a rebound.
0:10 of 2nd period - Wrist shot by Chris Tierney.
0:10 of 2nd period - Shot Blocked by Jakub Voracek.
0:12 of 2nd period - Snap shot by Ilya Kovalchuk.
0:12 of 2nd period - Goal by Ilya Kovalchuk - Kings : 1 - Flyers : 1.
0:13 of 2nd period - Jordan Nolan wins face-off versus Chris Tierney in neutral zone.
0:16 of 2nd period - Slapshot by Jacob Trouba.
0:16 of 2nd period - Shot Misses the Net.
0:18 of 2nd period - Wrist shot by Jordan Nolan.
0:18 of 2nd period - Flyers goal is going for a video replay.
0:18 of 2nd period - The goal is refused. The puck has been kicked using a distinct kicking motion..
0:19 of 2nd period - Jordan Nolan wins face-off versus Chris Tierney in Kings zone.
0:50 of 2nd period - Slapshot by Nathan Beaulieu.
0:50 of 2nd period - Stopped by Petr Mrazek without a rebound.
0:51 of 2nd period - Erik Haula wins face-off versus Jordan Nolan in Kings zone.
1:06 of 2nd period - Jakub Voracek is hit by Ilya Kovalchuk and loses puck.
1:19 of 2nd period - Penalty to Matt Duchene is over, Matt Duchene is back on ice.
1:27 of 2nd period - Snap shot by Drew Miller.
1:27 of 2nd period - Stopped by Petr Mrazek with a rebound.
1:53 of 2nd period - Slapshot by Aaron Ekblad.
1:53 of 2nd period - Stopped by Steve Mason with a rebound.
2:02 of 2nd period - Off-side.
2:03 of 2nd period - Drew Miller wins face-off versus Jeremy Morin in neutral zone.
2:05 of 2nd period - Off-side.
2:06 of 2nd period - Auston Matthews wins face-off versus Travis Konecny in neutral zone.
2:10 of 2nd period - Snap shot by Ole-Kristian Tollefsen.
2:10 of 2nd period - Deflect By Auston Matthews.
2:10 of 2nd period - Stopped by Steve Mason without a rebound.
2:11 of 2nd period - Jordan Nolan wins face-off versus Alexander Kerfoot in Flyers zone.
2:38 of 2nd period - Travis Konecny is hit by Auston Matthews and loses puck.
2:59 of 2nd period - Slapshot by Jacob Trouba.
2:59 of 2nd period - Shot Blocked by Erik Haula.
3:01 of 2nd period - Snap shot by Marcus Kruger.
3:01 of 2nd period - Stopped by Petr Mrazek with a rebound.
3:03 of 2nd period - Snap shot by Calle Jarnkrok.
3:03 of 2nd period - Shot Misses the Net.
3:05 of 2nd period - Snap shot by Marcus Kruger.
3:05 of 2nd period - Goal by Marcus Kruger - Kings : 1 - Flyers : 2.
3:06 of 2nd period - Alexander Kerfoot wins face-off versus Jordan Nolan in neutral zone.
3:16 of 2nd period - Jonathan Ericsson is hit by Alex Galchenyuk and loses puck.
3:47 of 2nd period - Snap shot by Drew Miller.
3:47 of 2nd period - Shot Misses the Net.
3:57 of 2nd period - Slapshot by Chris Mcallister.
3:57 of 2nd period - Shot Blocked by Will Butcher.
3:59 of 2nd period - Slapshot by Chris Mcallister.
3:59 of 2nd period - Stopped by Petr Mrazek without a rebound.
4:00 of 2nd period - Alexander Kerfoot wins face-off versus Travis Zajac in Kings zone.
4:33 of 2nd period - Slapshot by Mitch Marner.
4:33 of 2nd period - Stopped by Steve Mason with a rebound.
5:57 of 2nd period - Slapshot by Alex Galchenyuk.
5:57 of 2nd period - Stopped by Steve Mason with a rebound.
5:59 of 2nd period - Snap shot by Alex Galchenyuk.
5:59 of 2nd period - Stopped by Steve Mason without a rebound.
6:00 of 2nd period - Jordan Nolan wins face-off versus Erik Haula in Flyers zone.
6:26 of 2nd period - Jeff Carter is hit by Morgan Ellis and loses puck.
6:37 of 2nd period - Wrist shot by Jeff Carter.
6:37 of 2nd period - Shot Misses the Net.
6:59 of 2nd period - Snap shot by Alex Galchenyuk.
6:59 of 2nd period - Shot Misses the Net.
7:19 of 2nd period - Snap shot by J.T. Miller.
7:19 of 2nd period - Shot Misses the Net.
7:37 of 2nd period - Snap shot by Chris Mcallister.
7:37 of 2nd period - Deflect By Niclas Bergfors.
7:37 of 2nd period - Goal by Niclas Bergfors - Kings : 1 - Flyers : 3.
7:38 of 2nd period - Matt Duchene wins face-off versus Jordan Nolan in neutral zone.
8:09 of 2nd period - Jonathan Ericsson is hit by Darnell Nurse.
8:36 of 2nd period - Snap shot by Calle Jarnkrok.
8:36 of 2nd period - Shot Hit the Post.
8:38 of 2nd period - Slapshot by Jonathan Ericsson.
8:38 of 2nd period - Shot Misses the Net.
8:40 of 2nd period - Backhand shot by Marcus Kruger.
8:40 of 2nd period - Goal by Marcus Kruger - Kings : 1 - Flyers : 4.
8:41 of 2nd period - Alexander Kerfoot wins face-off versus Jordan Nolan in neutral zone.
8:49 of 2nd period - Off-side.
8:50 of 2nd period - Jordan Nolan wins face-off versus Alexander Kerfoot in neutral zone.
9:41 of 2nd period - Snap shot by J.T. Miller.
9:41 of 2nd period - Shot Misses the Net.
9:50 of 2nd period - Minor Penalty to Matt Duchene for Hooking.
9:51 of 2nd period - Chris Tierney wins face-off versus Marcus Kruger in Kings zone.
9:51 of 2nd period - Chris Tierney is hit by Matt Smaby.
10:19 of 2nd period - Wrist shot by Ilya Kovalchuk.
10:19 of 2nd period - Stopped by Steve Mason with a rebound.
11:23 of 2nd period - Slapshot by Alex Galchenyuk.
11:23 of 2nd period - Stopped by Steve Mason with a rebound.
11:25 of 2nd period - Slapshot by Aaron Ekblad.
11:25 of 2nd period - Shot Misses the Net.
11:50 of 2nd period - Penalty to Matt Duchene is over, Matt Duchene is back on ice.
12:10 of 2nd period - Snap shot by J.T. Miller.
12:10 of 2nd period - Shot Blocked by Darnell Nurse.
12:30 of 2nd period - Snap shot by Erik Haula.
12:30 of 2nd period - Stopped by Steve Mason without a rebound.
12:31 of 2nd period - Daultan Leveillé wins face-off versus Jeff Carter in Flyers zone.
12:45 of 2nd period - Off-side.
12:46 of 2nd period - Alexander Kerfoot wins face-off versus Jeff Carter in neutral zone.
14:16 of 2nd period - Morgan Ellis is hit by Niclas Bergfors and loses puck.
14:29 of 2nd period - Slapshot by Ole-Kristian Tollefsen.
14:29 of 2nd period - Shot Blocked by Matt Smaby.
14:39 of 2nd period - Minor Penalty to Drew Miller for Holding.
14:40 of 2nd period - Travis Zajac wins face-off versus Alexander Kerfoot in Flyers zone.
16:39 of 2nd period - Penalty to Drew Miller is over, Drew Miller is back on ice.
17:28 of 2nd period - Minor Penalty to Ivan Provorov for Unsportsmanlike conduct.
17:29 of 2nd period - Erik Haula wins face-off versus Travis Zajac in Flyers zone.
17:41 of 2nd period - Wrist shot by Erik Haula.
17:41 of 2nd period - Shot Misses the Net.
17:43 of 2nd period - Snap shot by Chris Tierney.
17:43 of 2nd period - Stopped by Steve Mason without a rebound.
17:44 of 2nd period - Alexander Kerfoot wins face-off versus Travis Zajac in Flyers zone.
17:57 of 2nd period - Jacob Trouba is hit by Alexander Kerfoot and loses puck.
19:28 of 2nd period - Penalty to Ivan Provorov is over, Ivan Provorov is back on ice.
19:58 of 2nd period - Icing by Darnell Nurse.
19:59 of 2nd period - Daultan Leveillé wins face-off versus Jeff Carter in Kings zone.
19:59 of 2nd period - Daultan Leveillé is hit by Drew Miller.
Goals for this period are 1 for Kings vs 3 for Flyers.
Shots for this period are 13 for Kings vs 8 for Flyers.
3rd period
0:01 of 3rd period - Ilya Kovalchuk wins face-off versus Jordan Nolan in neutral zone.
1:07 of 3rd period - Niclas Bergfors is hit by Jason Akeson and loses puck.
1:29 of 3rd period - Alex Galchenyuk is hit by J.T. Miller and loses puck.
2:12 of 3rd period - Wrist shot by Calle Jarnkrok.
2:12 of 3rd period - Shot Misses the Net.
2:14 of 3rd period - Snap shot by Brock Nelson.
2:14 of 3rd period - Stopped by Petr Mrazek without a rebound.
2:15 of 3rd period - Calle Jarnkrok wins face-off versus Erik Haula in Kings zone.
3:12 of 3rd period - Wrist shot by Brock Nelson.
3:12 of 3rd period - Shot Blocked by Ryan Murray.
3:14 of 3rd period - Slapshot by Nathan Beaulieu.
3:14 of 3rd period - Shot Misses the Net.
3:26 of 3rd period - Snap shot by Brock Nelson.
3:26 of 3rd period - Shot Blocked by Chris Tierney.
3:28 of 3rd period - Slapshot by Nathan Beaulieu.
3:28 of 3rd period - Stopped by Petr Mrazek with a rebound.
3:34 of 3rd period - Wrist shot by Brock Nelson.
3:34 of 3rd period - Shot Misses the Net.
3:36 of 3rd period - Wrist shot by Brian Lashoff.
3:36 of 3rd period - Deflect By Brock Nelson.
3:36 of 3rd period - Shot Misses the Net.
3:36 of 3rd period - Puck is out of play.
3:37 of 3rd period - Jordan Nolan wins face-off versus Auston Matthews in Kings zone.
3:45 of 3rd period - Wrist shot by J.T. Miller.
3:45 of 3rd period - Shot Misses the Net.
3:55 of 3rd period - J.T. Miller is hit by Jeremy Morin and loses puck.
4:32 of 3rd period - Snap shot by Niclas Bergfors.
4:32 of 3rd period - Shot Misses the Net.
4:34 of 3rd period - Wrist shot by Niclas Bergfors.
4:34 of 3rd period - Stopped by Petr Mrazek without a rebound.
4:35 of 3rd period - Jordan Nolan wins face-off versus Auston Matthews in Kings zone.
4:40 of 3rd period - Wrist shot by Jakub Voracek.
4:40 of 3rd period - Stopped by Petr Mrazek without a rebound.
4:41 of 3rd period - Jordan Nolan wins face-off versus Auston Matthews in Kings zone.
4:42 of 3rd period - Wrist shot by J.T. Miller.
4:42 of 3rd period - Goal by J.T. Miller - Kings : 1 - Flyers : 5.
4:43 of 3rd period - Alexander Kerfoot wins face-off versus Jordan Nolan in neutral zone.
4:45 of 3rd period - Minor Penalty to Aaron Ekblad for Hooking.
4:46 of 3rd period - Chris Tierney wins face-off versus Jordan Nolan in Kings zone.
6:23 of 3rd period - Off-side.
6:24 of 3rd period - Daultan Leveillé wins face-off versus Jeff Carter in neutral zone.
6:31 of 3rd period - Snap shot by Daultan Leveillé.
6:31 of 3rd period - Stopped by Steve Mason with a rebound.
6:45 of 3rd period - Penalty to Aaron Ekblad is over, Aaron Ekblad is back on ice.
6:51 of 3rd period - Darnell Nurse is hit by Matt Smaby.
7:07 of 3rd period - Wrist shot by Travis Zajac.
7:07 of 3rd period - Stopped by Petr Mrazek with a rebound.
7:09 of 3rd period - Snap shot by Travis Zajac.
7:09 of 3rd period - Stopped by Petr Mrazek with a rebound.
7:52 of 3rd period - Icing by Morgan Ellis.
7:53 of 3rd period - Travis Zajac wins face-off versus Alexander Kerfoot in Kings zone.
8:43 of 3rd period - Off-side.
8:44 of 3rd period - Chris Tierney wins face-off versus Jeff Carter in neutral zone.
8:59 of 3rd period - Slapshot by Drew Miller.
8:59 of 3rd period - Stopped by Petr Mrazek without a rebound.
9:00 of 3rd period - Auston Matthews wins face-off versus Jordan Nolan in Kings zone.
9:10 of 3rd period - Snap shot by Will Butcher.
9:10 of 3rd period - Shot Blocked by Jordan Nolan.
9:12 of 3rd period - Wrist shot by Auston Matthews.
9:12 of 3rd period - Stopped by Steve Mason with a rebound.
9:27 of 3rd period - Jonathan Ericsson is hit by Jeremy Morin.
9:39 of 3rd period - Slapshot by J.T. Miller.
9:39 of 3rd period - Shot Blocked by Darnell Nurse.
10:38 of 3rd period - Snap shot by Jakub Voracek.
10:38 of 3rd period - Stopped by Petr Mrazek with a rebound.
10:52 of 3rd period - Slapshot by Ryan Murray.
10:52 of 3rd period - Shot Blocked by Jonathan Ericsson.
10:54 of 3rd period - Slapshot by Ryan Murray.
10:54 of 3rd period - Stopped by Steve Mason without a rebound.
10:55 of 3rd period - Alexander Kerfoot wins face-off versus Jeff Carter in Flyers zone.
11:06 of 3rd period - Snap shot by Alex Galchenyuk.
11:06 of 3rd period - Deflect By Matt Duchene.
11:06 of 3rd period - Shot Misses the Net.
11:06 of 3rd period - Puck is out of play.
11:07 of 3rd period - Jeff Carter wins face-off versus Alexander Kerfoot in Flyers zone.
11:34 of 3rd period - Marcus Kruger is hit by Erik Haula and loses puck.
11:44 of 3rd period - Icing by Ivan Provorov.
11:45 of 3rd period - Alexander Kerfoot wins face-off versus Calle Jarnkrok in Flyers zone.
11:46 of 3rd period - Snap shot by Matt Duchene.
11:46 of 3rd period - Deflect By Alexander Kerfoot.
11:46 of 3rd period - Stopped by Steve Mason with a rebound.
12:08 of 3rd period - Wrist shot by Brock Nelson.
12:08 of 3rd period - Shot Blocked by Ole-Kristian Tollefsen.
12:14 of 3rd period - Snap shot by Brock Nelson.
12:14 of 3rd period - Shot Misses the Net.
12:16 of 3rd period - Snap shot by Ivan Provorov.
12:16 of 3rd period - Shot Blocked by Ole-Kristian Tollefsen.
12:24 of 3rd period - Snap shot by Brock Nelson.
12:24 of 3rd period - Stopped by Petr Mrazek with a rebound.
12:26 of 3rd period - Snap shot by Brock Nelson.
12:26 of 3rd period - Stopped by Petr Mrazek with a rebound.
12:28 of 3rd period - Snap shot by Marcus Kruger.
12:28 of 3rd period - Stopped by Petr Mrazek with a rebound.
12:30 of 3rd period - Wrist shot by Marcus Kruger.
12:30 of 3rd period - Goal by Marcus Kruger - Kings : 1 - Flyers : 6.
12:31 of 3rd period - Jordan Nolan wins face-off versus Erik Haula in neutral zone.
12:58 of 3rd period - Travis Konecny is hit by Ilya Kovalchuk and loses puck.
13:11 of 3rd period - Auston Matthews is hit by Matt Smaby and loses puck.
13:25 of 3rd period - Minor Penalty to Alex Galchenyuk for Roughing.
13:26 of 3rd period - Chris Tierney wins face-off versus Jordan Nolan in Kings zone.
13:34 of 3rd period - Wrist shot by Chris Tierney.
13:34 of 3rd period - Stopped by Steve Mason without a rebound.
13:35 of 3rd period - Jordan Nolan wins face-off versus Chris Tierney in Flyers zone.
14:12 of 3rd period - Jacob Trouba is hit by Ole-Kristian Tollefsen and loses puck.
15:25 of 3rd period - Penalty to Alex Galchenyuk is over, Alex Galchenyuk is back on ice.
15:28 of 3rd period - Off-side.
15:29 of 3rd period - Travis Zajac wins face-off versus Alexander Kerfoot in neutral zone.
16:37 of 3rd period - Snap shot by Jeremy Morin.
16:37 of 3rd period - Shot Misses the Net.
16:53 of 3rd period - Chris Mcallister is hit by Matt Duchene and loses puck.
17:00 of 3rd period - Snap shot by Alex Galchenyuk.
17:00 of 3rd period - Stopped by Steve Mason with a rebound.
17:27 of 3rd period - Snap shot by Travis Konecny.
17:27 of 3rd period - Shot Misses the Net.
17:43 of 3rd period - Aaron Ekblad is hit by Marcus Kruger and loses puck.
17:50 of 3rd period - Jeremy Morin is hit by Ivan Provorov and loses puck.
18:25 of 3rd period - Travis Konecny is hit by Darnell Nurse and loses puck.
18:53 of 3rd period - Wrist shot by Jeremy Morin.
18:53 of 3rd period - Goal by Jeremy Morin - Kings : 2 - Flyers : 6.
18:54 of 3rd period - Alexander Kerfoot wins face-off versus Jordan Nolan in neutral zone.
19:21 of 3rd period - Jeff Carter is hit by Auston Matthews and loses puck.
19:30 of 3rd period - Slapshot by Jeremy Morin.
19:30 of 3rd period - Shot Misses the Net.
19:54 of 3rd period - Slapshot by Erik Haula.
19:54 of 3rd period - Stopped by Steve Mason with a rebound.
Goals for this period are 1 for Kings vs 2 for Flyers.
Shots for this period are 8 for Kings vs 13 for Flyers.